 Dungeon Crawl Stone Soup version 0.25-a0-670-g50981ef59b (webtiles) character file.

Game seed: 9926684636846259874, levelgen mode: deterministic

292 Error4North the Chopper (level 6, 0/52 HPs)
             Began as a Hill Orc Fighter on Mar 29, 2020.
             Killed from afar by an orc wizard (8 damage)
             ... with a magic dart
             ... on level 3 of the Dungeon.
             The game lasted 00:06:40 (2268 turns).

Error4North the Chopper (Hill Orc Fighter)          Turns: 2268, Time: 00:06:41

Health: 0/52       AC:  7    Str: 21    XL:     6   Next: 33%
Magic:  6/6        EV:  8    Int:  8    God:
Gold:   40         SH:  9    Dex: 10    Spells: 5/5 levels left

rFire    + . .     SeeInvis .   a - +0 war axe
rCold    + . .     Gourm    .   c - +0 kite shield
rNeg     . . .     Faith    .   b - +0 scale mail
rPois    +         Spirit   .   (no helmet)
rElec    +         Reflect  .   (no cloak)
rCorr    +         Harm     .   (no gloves)
MR       .....                  (no boots)
Stlth    ..........             (no amulet)
HPRegen  0.17/turn              (no ring)
MPRegen  0.10/turn              (no ring)

@: resistant
A: no striking features
a: no special abilities


You were on level 3 of the Dungeon.
You were not hungry.

You visited 1 branch of the dungeon, and saw 3 of its levels.

You collected 40 gold pieces.

Inventory:

Hand Weapons
 a - a +0 war axe (weapon)
Armour
 b - a +0 scale mail (worn)
 c - a +0 kite shield (worn)
Wands
 d - a wand of random effects (16)
Scrolls
 e - 5 scrolls of teleportation {unknown}
 g - a scroll of magic mapping {unknown}
 h - 7 scrolls of identify {unknown}
 j - 2 scrolls of enchant weapon {unknown}
 k - a scroll of enchant armour {unknown}
 p - 5 scrolls of remove curse {unknown}
Potions
 i - a potion of haste {unknown}
 o - a potion of flight {unknown}
 q - a potion of might
Comestibles
 f - 5 rations
 l - 2 chunks of flesh


   Skills:
 + Level 4.1 Fighting
 + Level 5.2 Axes
 * Level 4.9 Armour
 + Level 0.5 Dodging
 * Level 4.8 Shields


You had 5 spell levels left.
You didn't know any spells.
Your spell library was empty.

Dungeon Overview and Level Annotations

Branches:
Dungeon (3/15)

Altars:
Nemelex Xobeh
Uskayaw
Vehumet
The Shining One


Message History

* * * LOW HITPOINT WARNING * * *
Something hits you.
* * * LOW HITPOINT WARNING * * *
You miss something. Something hits you but does no damage.
You block the orc's attack. Something hits you.
* * * LOW HITPOINT WARNING * * *
It was a potion of curing.
You feel better. Something hits you but does no damage.
The orc hits you from afar with a +1 trident of protection.
* * * LOW HITPOINT WARNING * * *
Something hits you but does no damage.
The orc wizard points at you and mumbles some strange words.
The puff of frost hits something.
Something hits you.
* * * LOW HITPOINT WARNING * * *
An orc wizard appears from thin air!
Reactivating autopickup.
The orc wizard casts a spell at you. The magic dart hits you!
You die...

###....8....### #........#..
###......#......###
##...........
#_.....8###8....._#
#............
###......#......###
#........#...
###....8....#######.........#..
###.....###....##.##.#.#..#..
#.....##...#.##.##.#.#..#..
##...##....#.##.##.#.......
#...####.@......#......###
##.## #o##.......##...### #_#
#o##..............#
#######.##........##..#.#
#...#o####...#).....#.# #...#.#
##.##.....## # .###...#)#
####...### .........#
#...####.# #......###
#........#


You could see 2 orc wizards and an orc.

Vanquished Creatures
  Sigmund (D:2)
  5 adders
  A worm (D:2)
  2 dart slugs (D:1)
  3 leopard geckos (D:1)
  4 orcs (D:3)
  4 giant cockroaches
  9 goblins
  11 hobgoblins
  7 jackals
  2 ball pythons (D:2)
  7 bats
  3 frilled lizards
  7 kobolds
  4 rats
70 creatures vanquished.

Notes
Turn   | Place    | Note
-------+----------+-------------------------------------------
     0 | D:1      | Error4North the Hill Orc Fighter began the quest for the
                  | Orb.
     0 | D:1      | Reached XP level 1. HP: 19/19 MP: 1/1
    48 | D:1      | Reached XP level 2. HP: 20/27 MP: 2/2
   137 | D:1      | Reached XP level 3. HP: 29/33 MP: 3/3
   775 | D:2      | Reached skill level 3 in Axes
  1061 | D:2      | Reached XP level 4. HP: 23/40 MP: 4/4
  1588 | D:2      | Found a hide-covered altar of Uskayaw.
  1684 | D:2      | Noticed Sigmund
  1696 | D:2      | Killed Sigmund
  1696 | D:2      | Reached skill level 5 in Axes
  1696 | D:2      | Reached XP level 5. HP: 22/46 MP: 5/5
  1696 | D:2      | Reached XP level 6. HP: 24/52 MP: 6/6
  2168 | D:3      | Found a sparkling altar of Nemelex Xobeh.
  2172 | D:3      | Found a radiant altar of Vehumet.
  2177 | D:3      | Found a glowing golden altar of the Shining One.
  2262 | D:3      | HP: 2/52 [something (4)]
  2268 | D:3      | Killed from afar by an orc wizard

Levels and vault maps discovered:
D:1:      eino_arrival_water_star, layout_loops_ring, minmay_pentomino_r2
D:2:      layout_loops_cross, nicolae_overflow_hidden_temple,
          minmay_strange_pillars, uniq_sigmund
D:3:      layout_loops_cross, old_standard_altar,
          minmay_overflow_temple_star_quad

Skill      XL: |  1  2  3  4 |
---------------+-------------+-----
Armour         | 4 |  4.9
Axes           | 3 5 |  5.2
Shields        | 4 |  4.8
Fighting       | 4 |  4.1
Dodging        | |  0.5

Action                   |  1- 3 |  4- 6 || total
-------------------------+-------+-------++-------
Melee: War axe           |   115 |   114 ||   229
  Use: Potion            |       |     3 ||     3
  Eat: Chunk             |     1 |     4 ||     5
Armor: Scale mail        |    69 |    42 ||   111
Dodge: Dodged            |    49 |    39 ||    88
Block: Kite shield       |    80 |    58 ||   138

Table legend:
 A = Non-vault XP
 B = Vault XP
 C = Vault XP percentage of total XP
 D = Non-vault monster count
 E = Vault monster count
 F = Vault count percentage of total count
                 A         B        C        D         E       F
            +---------+---------+-------+---------+---------+-------
      Total |     187 |     231 |  55.3 |      68 |       2 |   2.9
            +---------+---------+-------+---------+---------+-------
        D:1 |      47 |       4 |   7.8 |      25 |       1 |   3.8
        D:2 |      97 |     227 |  70.1 |      28 |       1 |   3.4
        D:3 |      43 |       0 |   0.0 |      15 |       0 |   0.0
            +---------+---------+-------+---------+---------+-------
